AoeStats
← jordanm708

Arena

509541291Analyzed
4v4 RM · 3d ago on Sep 27, 2026· 52m 18s· 8 players
Game mode
Random Map
Map size
Large (8 player)
Population
200
Speed
Normal
Resources
Standard
Victory
Conquest
Starting age
Dark Age
Ending age
Imperial Age
RankedLock teamsTeams togetherTeam positionsShared explorationLock speedFull tech treeHidden civsTurbo modeCheats
Victory
Defeat
🇵🇦 Varangians · Panama
795
+5
🇵🇦 Romans · Panama
758
+6
🇺🇸 Teutons · United States
710
+7
🇦🇷 Burgundians · Argentina
694
+8
🇨🇦 Khmer · Canada
703
-12
🇺🇸 Britons · United States
547
-7
🇺🇸 Franks · United States
402
-4
🇨🇳 Wei · China
335
-3
jordanm708
14:47 Feudal Age
16:06 Wheelbarrow
15:27 Gold Mining
15:29 Double-Bit Axe
16:49 Stone Mining
17:10 Scale Barding Armor
17:16 Forging
24:10 Castle Age
26:22 Chain Barding Armor
26:38 Iron Casting
26:43 Gold Shaft Mining
26:15 Husbandry
26:33 Hand Cart
40:26 Murder Holes
43:33 Imperial Age
46:35 Plate Barding Armor
47:01 Blast Furnace
45:37 Cavalier
47:23 Loom
The_Lumberjack
14:08 Feudal Age
18:14 Castle Age
16:11 Horse Collar
16:33 Double-Bit Axe
19:22 Stone Mining
21:17 Stone Shaft Mining
23:23 Fletching
24:09 Heavy Plow
24:18 Gold Mining
25:34 Scale Barding Armor
28:53 Scale Mail Armor
29:53 Bow Saw
29:51 Pikeman
31:30 Gold Shaft Mining
34:10 Imperial Age
32:14 Padded Archer Armor
34:02 Caravan
36:04 Chain Mail Armor
35:59 Forging
36:31 Heavy Scorpion
36:57 Halberdier
38:28 Iron Casting
41:39 Chemistry
41:00 Ballistics
41:27 Leather Archer Armor
41:08 Bodkin Arrow
42:12 Bracer
43:13 Blast Furnace
42:34 Chain Barding Armor
43:58 Siege Engineers
44:06 Fortified Wall
43:23 Capped Ram
43:43 Elite Skirmisher
Karma
10:29 Feudal Age
16:21 Castle Age
15:33 Double-Bit Axe
15:37 Horse Collar
22:08 Bow Saw
25:11 Fletching
25:22 Padded Archer Armor
25:49 Ballistics
28:09 Fortified Wall
32:15 Imperial Age
29:55 Squires
30:00 Gold Mining
30:07 Stone Mining
30:10 Pikeman
31:58 Fervor
32:45 Husbandry
32:16 Light Cavalry
34:17 Conscription
34:19 Yeomen
35:02 Gold Shaft Mining
35:30 Two-Man Saw
35:09 Heavy Plow
35:49 Wheelbarrow
37:03 Elite Longbowman
38:22 Leather Archer Armor
38:02 Bodkin Arrow
38:17 Forging
38:08 Scale Mail Armor
39:31 Chemistry
39:06 Halberdier
44:55 Iron Casting
44:21 Bracer
44:51 Ring Archer Armor
49:33 Blast Furnace
48:49 Chain Mail Armor
Elite Savage
Soda De Uva
9:06 Loom
10:56 Feudal Age
11:16 Horse Collar
19:07 Castle Age
18:05 Forging
18:21 Double-Bit Axe
18:29 Stone Mining
19:04 Scale Mail Armor
19:14 Man-at-Arms
23:14 Town Watch
23:24 Fletching
23:50 Chain Mail Armor
24:11 Iron Casting
23:52 Bow Saw
25:00 Bodkin Arrow
25:03 Loom
27:42 Long Swordsman
28:24 Squires
28:30 Pikeman
35:02 Imperial Age
33:49 Gold Mining
36:05 Heavy Scorpion
38:09 Blast Furnace
36:39 Halberdier
36:41 Legionary
38:06 Gold Shaft Mining
39:34 Chemistry
49:19 Ballistics
53:01 Siege Engineers
Vollenbad
0:29 Loom
11:43 Feudal Age
12:15 Double-Bit Axe
15:51 Town Watch
17:17 Wheelbarrow
21:01 Castle Age
19:20 Horse Collar
19:51 Bow Saw
19:37 Gold Mining
21:57 Bow Saw
25:18 Hand Cart
25:47 Stone Mining
32:56 Imperial Age
32:06 Town Patrol
33:47 Forging
33:43 Scale Barding Armor
34:30 Gold Shaft Mining
34:31 Stone Shaft Mining
36:31 Chemistry
35:26 Murder Holes
35:42 Fortified Wall
35:29 Fletching
35:40 Padded Archer Armor
39:36 Conscription
39:56 Hoardings
40:42 Cavalier
41:23 Husbandry
41:26 Bodkin Arrow
42:10 Iron Casting
46:11 Chain Barding Armor
46:52 Blast Furnace
46:28 Caravan
48:03 Paladin
52:19 Spies/Treason
olaf.kreegs
9:51 Feudal Age
12:43 Double-Bit Axe
17:53 Castle Age
15:49 Man-at-Arms
16:37 Horse Collar
18:02 Arson
21:14 Forging
21:05 Scale Mail Armor
22:06 Gambesons
24:49 Heavy Plow
25:07 Bow Saw
31:02 Imperial Age
29:06 Chain Mail Armor
30:28 Wheelbarrow
29:16 Long Swordsman
29:58 Squires
30:07 Gold Mining
30:08 Stone Mining
31:32 Iron Casting
32:04 Caravan
33:18 Blast Furnace
33:19 Hand Cart
33:22 Two-Handed Swordsman
34:41 Plate Mail Armor
35:28 Fletching
35:49 Heavy Scorpion
40:49 Crop Rotation
41:23 Two-Man Saw
42:19 Ballistics
43:00 Chemistry
42:06 Siege Engineers
42:02 Elite Teutonic Knight
43:03 Crenellations
43:04 Ironclad
43:15 Bodkin Arrow
43:59 Onager
45:44 Siege Onager
45:54 Siege Onager
Weedz
11:30 Feudal Age
15:41 Castle Age
13:37 Horse Collar
14:03 Double-Bit Axe
16:18 Wheelbarrow
17:33 Bow Saw
18:09 Fletching
18:41 Hand Cart
19:30 Heavy Plow
21:14 Gold Mining
23:59 Ballistics
25:11 Bodkin Arrow
25:16 Padded Archer Armor
25:48 Bloodlines
25:39 Husbandry
26:24 Stone Mining
26:53 Leather Archer Armor
26:44 Scale Barding Armor
26:10 Light Cavalry
29:00 Stone Shaft Mining
31:46 Imperial Age
31:53 Forging
32:04 Chain Barding Armor
32:03 Heavy Mounted Crossbowman
32:06 Cranequins
32:51 Bracer
33:22 Ring Archer Armor
33:56 Chemistry
34:28 Siege Engineers
35:20 Conscription
36:56 Hussar
50:11 Plate Barding Armor
50:12 Iron Casting
Connection lost

Rejoining the realm…

Still unreachable

The connection could not be restored.

Session expired

The server has moved on; the page needs a fresh start.